 Dungeon Crawl Stone Soup version 0.22.1-1-ga44c0e56f4 (webtiles) character file.

47323 Riddle the Fetichist (level 14, -9/101 HPs)
             Began as a Formicid Chaos Knight on Oct 31, 2018.
             Killed from afar by a raiju (25 damage)
             ... with a living lightning
             ... on level 6 of the Lair of Beasts.
             The game lasted 00:58:45 (19239 turns).

Riddle the Fetichist (Formicid Chaos Knight)       Turns: 19239, Time: 00:58:45

Health: -9/101     AC: 16    Str: 21    XL:     14   Next: 81%
Magic:  25/25      EV:  8    Int: 18    God:    Xom [...*..]
Gold:   2087       SH: 11    Dex:  6    Spells: 13/13 levels left

rFire    + . .     SeeInvis +   E - +5 hunting sling of the Purple Skies {flame, +Inv rC- MR- Int+9}
rCold    + . .     Gourm    .   z - +0 shield
rNeg     + . .     Faith    .   p - +1 chain mail {rPois}
rPois    +         Spirit   .   (helmet unavailable)
rElec    .         Reflect  .   K - scarf {rC+ rF+}
rCorr    +         Harm     .   d - +1 pair of gloves
MR       .....                  o - +0 pair of boots
Stlth    ..........             C - amulet of regeneration
HPRegen  0.66/turn              Q - ring of resist corrosion
MPRegen  0.19/turn              u - ring of positive energy

@: no status effects
A: permanent stasis, dig shafts and tunnels, four strong arms, antennae 3,
molten scales 1, clumsy 2, cold resistance 1, deformed body, dopey 2, evolution
1, no potion heal 2
a: Dig, Shaft Self, Renounce Religion, Evoke Invisibility


You were on level 6 of the Lair of Beasts.
You worshipped Xom.
You were a favourite toy of Xom.
You were near starving.

You visited 2 branches of the dungeon, and saw 16 of its levels.

You collected 2087 gold pieces.

Inventory:

Hand Weapons
 a - a +2 hunting sling of freezing
 B - a +2 dagger of holy wrath
 E - the +5 hunting sling of the Purple Skies (weapon) {flame, +Inv rC- MR- Int+9}
   (You found it on level 6 of the Dungeon)

   It causes projectiles fired from it to burn those they strike, causing extra
   injury to most foes and up to half again as much damage against particularly
   susceptible opponents.
   It affects your intelligence (+9).
   It makes you vulnerable to cold.
   It affects your resistance to hostile enchantments.
   It lets you turn invisible.
Missiles
 e - 200 stones (quivered)
 D - 65 sling bullets
Armour
 d - a +1 pair of gloves (worn)
 o - a +0 pair of boots (worn)
 p - a +1 chain mail of poison resistance (worn)
 z - a +0 shield (worn)
 K - a scarf of resistance (worn)
Jewellery
 k - an uncursed ring of flight {unknown}
 u - a ring of positive energy (right hand)
 y - an uncursed ring of positive energy
 C - an amulet of regeneration (around neck)
 J - an uncursed ring of protection from fire
 M - a cursed -3 ring of intelligence {unknown}
 Q - a ring of resist corrosion (left hand)
Wands
 j - a wand of digging (49)
 l - a wand of scattershot (3)
 n - a wand of iceblast (30)
 v - a wand of random effects (61)
 A - a wand of enslavement (11)
 H - a wand of disintegration (23)
 N - a wand of acid (11)
 U - a wand of paralysis (22)
Scrolls
 b - 2 scrolls of amnesia
 f - 9 scrolls of enchant armour
 m - 7 scrolls of remove curse
 t - a scroll of fog
 x - 2 scrolls of enchant weapon
 G - 3 scrolls of identify
Potions
 g - a potion of haste
 h - 7 potions of curing
 i - a potion of ambrosia
 q - 5 potions of heal wounds
 r - 2 potions of resistance
 s - 2 potions of agility
 w - 3 potions of lignification
 F - 2 potions of invisibility
 I - 3 potions of flight
 P - a potion of might
 S - 2 potions of brilliance
Miscellaneous
 L - a lightning rod (4/4)
Comestibles
 c - 37 rations
 O - 2 chunks of flesh


   Skills:
 + Level 6.4 Fighting
   Level 3.0 Maces & Flails
 + Level 12.5 Slings
 + Level 14.9 Armour
 - Level 0.8 Dodging
 - Level 9.0 Shields
 - Level 15.0 Evocations


You had 13 spell levels left.
You didn't know any spells.
Your spell library contained the following spells:

 Spells                   Type           Power        Failure   Level  Hunger
 Freeze                   Ice            #...         73%         1    ##.....
 Throw Frost              Conj/Ice       #.....       86%         2    ###....
 Ozocubu's Armour         Chrm/Ice       #.......     97%         3    ####...
 Recall                   Summ/Tloc      N/A          97%         3    ####...
 Summon Ice Beast         Ice/Summ       #.......     100%        4    #####..
 Throw Icicle             Conj/Ice       #.......     100%        4    #####..
 Aura of Abjuration       Summ           #.........   100%        5    ######.
 Bolt of Magma            Conj/Fire/Erth #.........   100%        5    ######.
 Iskenderun's Battlesphe  Conj/Chrm      #.......     100%        5    ######.
 Summon Demon             Summ           #.........   100%        5    ######.
 Summon Forest            Summ/Tloc      #.........   100%        5    ######.
 Summon Mana Viper        Hex/Summ       #.......     100%        5    ######.
 Venom Bolt               Conj/Pois      #.........   100%        5    ######.
 Iron Shot                Conj/Erth      #.........   100%        6    #######
 Shadow Creatures         Summ           N/A          100%        6    #######
 Orb of Destruction       Conj           #.........   100%        7    #######
 Spellforged Servitor     Conj/Summ      #.........   100%        7    #######


Dungeon Overview and Level Annotations

Branches:
Dungeon (10/15)            Temple (0/1) D:5            Lair (6/6) D:10
  Swamp (0/4) Lair:3       Spider (0/4) Lair:3        Slime (0/5) Lair:5
    Orc (0/2) D:9

Altars:
Dithmenos
Xom
The Shining One

Shops:
D:8 %   D:9 (

Annotations:
D:9 3 runed doors, D1HalberdGnoll's ghost, novice TrBe


Innate Abilities, Weirdness & Mutations

You cannot be hasted, slowed, berserked, paralysed or teleported.
You can dig through walls and to a lower floor.
Your four strong arms can wield two-handed weapons with a shield.
You have a pair of large antennae on your head. (SInv)
You are partially covered in molten scales. (AC +2)
You are very clumsy. (Dex -4)
Your flesh is cold resistant. (rC+)
Armour fits poorly on your strangely shaped body.
You are very dopey. (Int -4)
You evolve.
Potions are poor at restoring your health.


Message History

You shoot a stone. The stone hits the hell hound.
The hell hound is almost dead.
The hell hound closely misses you.
The raiju bursts into living lightning!
The living lightning hits you! x2; The raiju blinks!
You are too injured to fight recklessly!
You are too injured to fight recklessly!
The hell hound breathes flames at you. The blast of flame hits you! You resist.
The raiju bursts into living lightning!
The living lightning hits you!
* * * LOW HITPOINT WARNING * * *
The raiju blinks!
You see here a stone.
You see here 2 stones.
The raiju bursts into living lightning!
The living lightning hits you!
* * * LOW HITPOINT WARNING * * *
The living lightning hits you!
You die...

.......# ## .......## { {
#.## ........# { ...##
##.....## .[(### { .##....#
.(.. .##....# #(.# ..##...##
#######(.### ...###..#
####.#h(.#(((h# ...#
#..####...#@h..(†((#..h..
.†.###...#...........(#.#
..#
#..##.....#.....#.#.#.##P# %
....#......#...######## #P#
#...##..P....##.## ##
#...##......####.##
#..##.......P####.##
...##.....P...####.#
..####..........#.##########
####


You could see a raiju and a hell hound.

Vanquished Creatures
  Gastronok (D:10)
  Fannar (Lair:1)
  3 hydras
  2 catoblepae (Lair:6)
  2 two-headed ogres
  6 death yaks (Lair:6)
  Urug (Lair:1)
  Nergalle (Lair:1)
  Sonja (Lair:1)
  The ghost of hemabe the Cudgeler, a novice HuAr (D:6)
  4 oklob plants
  7 elephants
  A manticore (Lair:6)
  A centaur zombie (D:8)
  7 black mambas
  12 spiny frogs
  8 komodo dragons
  A rime drake (Lair:3)
  2 trolls (D:9)
  2 polar bears (Lair:6)
  A hornet (D:10)
  2 dream sheep (Lair:6)
  A raiju (Lair:6)
  8 blink frogs (Lair:5)
  6 hippogriffs
  2 wyverns
  A basilisk (Lair:6)
  2 redbacks (Lair:3)
  20 yaks
  3 fire bats
  A steam dragon (D:8)
  2 hungry ghosts (D:9)
  A soldier ant (Lair:6)
  A warg (Lair:6)
  2 hell hounds (Lair:6)
  13 water moccasins
  14 porcupines
  7 orc warriors
  A porcupine (shapeshifter) (D:9)
  3 black bears (Lair:6)
  7 ice beasts
  7 ogres
  3 sky beasts
  An eye of draining (D:10)
  A necrophage (D:7)
  3 phantoms
  A boggart (D:4)
  22 wolves
  11 crocodiles
  7 centaurs
  9 big kobolds
  9 bullfrogs
  3 gnoll sergeants (D:9)
  A water moccasin zombie (D:6)
  2 scorpions
  5 killer bees (D:9)
  3 wights (D:10)
  A crimson imp (D:9)
  5 jellies
  2 quasits
  3 hounds
  2 orc priests
  Natasha (twice) (D:3)
  Terence (D:3)
  3 orc wizards
  12 worker ants
  2 centaur simulacra (D:6)
  2 hound skeletons
  A worker ant zombie (D:5)
  7 adders
  3 shadow imps
  4 white imps (D:6)
  An ooze (D:1)
  2 adder skeletons (D:7)
  2 worms
  A dart slug (D:5)
  6 leopard geckos
  32 orcs
  A ball python (D:3)
  5 giant cockroaches
  7 hobgoblins
  7 jackals
  3 quokkas
  4 bats (D:2)
  8 frilled lizards
  12 goblins
  11 kobolds
  A leopard gecko zombie (D:5)
  A quokka zombie (D:5)
  6 rats
  3 fungi
  4 plants
417 creatures vanquished.

Vanquished Creatures (collateral kills)
  A yak (Lair:5)
  Sigmund (D:4)
  A necrophage (D:5)
  2 ogres
  Robin (D:2)
  3 goblins (D:2)
  A jackal (D:5)
  A quokka (D:2)
  A frilled lizard (D:2)
12 creatures vanquished.

Vanquished Creatures (others)
  A hydra (Lair:6)
  A death yak (Lair:6)
  A manticore (Lair:6)
  Natasha (D:3)
  A hobgoblin (D:2)
  12 fungi
  16 plants
33 creatures vanquished.

Grand Total: 462 creatures vanquished

Notes
Turn   | Place    | Note
-------+----------+-------------------------------------------
     0 | D:1      | Riddle the Formicid Chaos Knight began the quest for the
                  | Orb.
     0 | D:1      | Reached XP level 1. HP: 18/18 MP: 1/1
    64 | D:1      | Reached XP level 2. HP: 22/24 MP: 2/2
   375 | D:1      | Reached XP level 3. HP: 27/30 MP: 3/3
   394 | D:1      | XOM: potion effect (heal wounds)
   912 | D:2      | XOM: harmless Erth miscast
   926 | D:2      | Reached XP level 4. HP: 30/37 MP: 4/4
  1019 | D:2      | XOM: give mutation
  1019 | D:2      | Gained mutation: You have large cloven feet. [Xom's grace]
  1085 | D:2      | XOM: cast spell 'Summon Hydra'
  1137 | D:2      | Noticed Robin
  1150 | D:2      | XOM: summons friendly white imp
  1155 | D:2      | Killed Robin
  1357 | D:2      | XOM: scenery: create altars
  1552 | D:2      | XOM: god gift: 840 gold pieces
  1732 | D:1      | XOM: god gift: curved glowing staff {god gift}
  1843 | D:2      | XOM: stat loss: -1 Str (17/18)
  1875 | D:3      | Noticed Natasha
  1882 | D:3      | Killed Natasha
  1882 | D:3      | Reached skill level 1 in Slings
  1882 | D:3      | Reached XP level 5. HP: 33/43 MP: 5/5
  2017 | D:3      | Noticed Natasha
  2029 | D:3      | Killed Natasha
  2029 | D:3      | XOM: destruction
  2241 | D:3      | Noticed Natasha
  2251 | D:3      | Killed Natasha
  2371 | D:3      | Noticed Terence
  2383 | D:3      | Killed Terence
  2383 | D:3      | Reached skill level 5 in Fighting
  2545 | D:3      | XOM: scenery: 1 doors open, 1 doors close
  2569 | D:3      | Reached XP level 6. HP: 51/51 MP: 6/6
  2769 | D:4      | Noticed a phantom
  2806 | D:3      | Killed a phantom
  3036 | D:4      | XOM: summons friendly quasit
  3043 | D:4      | Reached skill level 5 in Armour
  3043 | D:4      | Reached skill level 1 in Shields
  3043 | D:4      | Reached XP level 7. HP: 56/56 MP: 7/7
  3179 | D:4      | XOM: enchant monster (good)
  3337 | D:4      | Reached skill level 5 in Slings
  3487 | D:4      | Noticed Sigmund
  3496 | D:4      | XOM: summons 7 friendly demons
  3513 | D:4      | Killed Sigmund
  3513 | D:4      | Reached XP level 8. HP: 62/62 MP: 8/8
  3557 | D:4      | XOM is BORED!
  3557 | D:4      | XOM: polymorph adder -> boggart
  3623 | D:4      | XOM: scenery: create altars
  3791 | D:5      | Entered Level 5 of the Dungeon
  3823 | D:5      | XOM: scenery: create altars
  3916 | D:5      | XOM: blink monster(s)
  4016 | D:4      | XOM: stat loss: -1 Int (11/12)
  4018 | D:5      | XOM: confuse monster(s)
  4236 | D:5      | XOM: summons 1 hostile demon
  4261 | D:5      | XOM: scenery: create altars
  4318 | D:5      | XOM: summons 3 hostile shadow creatures
  4430 | D:5      | XOM: harmless Tloc miscast
  4476 | D:5      | Reached skill level 5 in Shields
  4497 | D:5      | Found a staircase to the Ecumenical Temple.
  4534 | D:5      | XOM: blink monster(s)
  4545 | D:5      | Reached XP level 9. HP: 53/68 MP: 9/9
  4710 | D:5      | Found a shadowy altar of Dithmenos.
  5109 | D:6      | XOM: summons friendly quasit
  5291 | D:6      | Found a runed gate.
  5291 | D:6      | Found a runed gate.
  5291 | D:6      | Found a runed gate.
  5310 | D:6      | Got a warped hunting sling
  5327 | D:6      | Identified the +5 hunting sling of the Purple Skies {flame,
                  | +Inv rC- MR- Int+9} (You found it on level 6 of the
                  | Dungeon)
  5379 | D:6      | Noticed hemabe's ghost (novice HuAr)
  5396 | D:6      | XOM: destruction
  5400 | D:6      | XOM: summons friendly shadow imp
  5413 | D:6      | XOM: summons friendly iron imp
  5421 | D:6      | XOM: harmless Tmut miscast
  5426 | D:6      | XOM: potion effect (agility)
  5427 | D:6      | XOM: divination: detect creatures
  5432 | D:6      | XOM: blink monster(s)
  5443 | D:6      | Killed hemabe's ghost
  5443 | D:6      | Reached skill level 10 in Slings
  5660 | D:6      | XOM: harmless Fire miscast
  6132 | D:7      | Reached skill level 1 in Evocations
  6132 | D:7      | Reached XP level 10. HP: 74/74 MP: 10/10
  6176 | D:7      | Found a glowing golden altar of the Shining One.
  6351 | D:7      | XOM is BORED!
  6351 | D:7      | XOM: noise
  6389 | D:7      | Reached skill level 2 in Evocations
  6951 | D:7      | XOM: mild Pois miscast
  7032 | D:7      | XOM: god gift: 13 stones
  7090 | D:7      | XOM: god gift: scroll labeled HOEKYOMMES {god gift}
  7108 | D:8      | XOM: confusion
  7185 | D:8      | Reached skill level 3 in Evocations
  7254 | D:8      | XOM: scenery: 2 doors open
  7279 | D:8      | XOM: potion effect (agility)
  7309 | D:8      | XOM: give mutations
  7309 | D:8      | Gained mutation: Your flesh is cold resistant. (rC+) [Xom's
                  | mischief]
  7309 | D:8      | Gained mutation: You are dopey. (Int -2) [Xom's mischief]
  7309 | D:8      | Gained mutation: You are very dopey. (Int -4) [Xom's
                  | mischief]
  7330 | D:8      | XOM: noise
  7441 | D:8      | XOM: harmless Tmut miscast
  7761 | D:8      | Reached skill level 4 in Evocations
  7771 | D:8      | XOM: scenery: create altars
  7820 | D:8      | XOM: destruction
  7824 | D:8      | XOM: cleaving
  7875 | D:8      | Noticed a two-headed ogre
  7892 | D:8      | XOM: polymorph ice beast -> steam dragon
  7896 | D:8      | XOM: silly message
  7903 | D:8      | XOM: confuse monster(s)
  7907 | D:8      | Killed a two-headed ogre
  7907 | D:8      | Reached skill level 6 in Evocations
  7907 | D:8      | Reached XP level 11. HP: 40/79 MP: 13/15
  7957 | D:8      | XOM: god gift: broad axe {god gift}
  8041 | D:8      | Found Meath's Food Boutique.
  8274 | D:8      | XOM: mild Air miscast
  8334 | D:9      | Found a runed gate.
  8334 | D:9      | Found a runed gate.
  8335 | D:9      | Noticed D1HalberdGnoll's ghost (novice TrBe)
  8336 | D:9      | Found a runed gate.
  8336 | D:9      | Noticed an 11-headed hydra
  8497 | D:9      | XOM: harmless Summ miscast
  8696 | D:9      | Found a staircase to the Orcish Mines.
  8709 | D:9      | XOM: cast spell 'Shadow Creatures'
  8716 | D:9      | XOM: divination: magic mapping
  8729 | D:9      | XOM: divination: magic mapping
  8732 | D:9      | Reached skill level 7 in Evocations
  8733 | D:9      | XOM: polymorph gnoll sergeant -> worm
  8899 | D:9      | Reached skill level 8 in Evocations
  8928 | D:9      | XOM: divination: detect creatures
  9033 | D:9      | Found Ujocri's Antique Weapon Emporium.
  9050 | D:9      | XOM: potion effect (invisibility)
  9140 | D:9      | XOM: divination: detect creatures
  9324 | D:9      | XOM: divination: detect items
  9554 | D:10     | Entered Level 10 of the Dungeon
  9595 | D:10     | XOM: noise
  9602 | D:10     | Noticed Gastronok
  9632 | D:10     | XOM: enchant monster (bad)
  9636 | D:10     | Killed Gastronok
  9636 | D:10     | Reached skill level 9 in Evocations
  9709 | D:10     | XOM: confusion
  9767 | D:10     | XOM: harmless Necr miscast
  9818 | D:10     | XOM: polymorph worker ant -> centaur
  9848 | D:10     | Noticed a two-headed ogre
  9848 | D:10     | XOM: stat loss: -1 Int (16/17)
  9880 | D:10     | Killed a two-headed ogre
  9880 | D:10     | Reached XP level 12. HP: 19/86 MP: 15/19
 10081 | D:10     | Found a staircase to the Lair.
 10284 | D:10     | XOM is BORED!
 10399 | D:10     | XOM: cleaving
 10516 | Lair:1   | Entered Level 1 of the Lair of Beasts
 10522 | Lair:1   | Reached skill level 10 in Evocations
 10629 | Lair:1   | XOM: medium Necr miscast
 10669 | Lair:1   | XOM: summons 2 friendly demons
 10712 | Lair:1   | XOM: noise
 10751 | Lair:1   | Noticed Nergalle
 10766 | Lair:1   | XOM: harmless Tloc miscast
 10800 | Lair:1   | Killed Nergalle
 10930 | Lair:1   | Reached skill level 10 in Armour
 10945 | Lair:1   | Noticed Urug
 11030 | Lair:1   | Killed Urug
 11187 | Lair:1   | XOM: polymorph crocodile -> fire bat
 11219 | Lair:1   | Noticed Fannar
 11221 | Lair:1   | XOM: enchant monster (good)
 11225 | Lair:1   | Found a shimmering altar of Xom.
 11238 | Lair:1   | XOM: summons 6 friendly demons
 11277 | Lair:1   | XOM: god gift: chain mail {god gift}
 11295 | Lair:1   | Killed Fannar
 11295 | Lair:1   | Reached skill level 11 in Evocations
 11427 | Lair:1   | XOM is BORED!
 11539 | Lair:1   | Noticed Sonja
 11542 | Lair:1   | XOM: cast spell 'Cause Fear'
 11551 | Lair:1   | Killed Sonja
 11591 | Lair:1   | XOM: summons 2 hostile demons
 11595 | Lair:1   | XOM: noise
 12074 | Lair:2   | XOM: silly message
 12107 | Lair:2   | XOM: silly message
 12179 | Lair:2   | XOM: blink monster(s)
 12201 | Lair:2   | XOM: scenery: 1 doors open
 12561 | Lair:2   | Reached XP level 13. HP: 91/91 MP: 21/21
 12756 | Lair:2   | Reached skill level 12 in Evocations
 12789 | Lair:2   | XOM: scenery: create altars
 12870 | Lair:2   | XOM: scenery: create altars
 13068 | Lair:2   | XOM: harmless Necr miscast
 13272 | Lair:2   | XOM: torment (52/91 hp)
 13366 | Lair:3   | XOM: god gift: book of Summonings
 13442 | Lair:3   | Noticed an eight-headed hydra
 13559 | Lair:3   | Found a hole to the Spider Nest.
 13827 | Lair:3   | XOM: polymorph komodo dragon -> hippogriff
 13871 | Lair:3   | Killed an eight-headed hydra
 14034 | Lair:3   | XOM: summons 1 hostile shadow creature
 14077 | Lair:3   | Found a staircase to the Swamp.
 14267 | Lair:3   | XOM: god gift: 20 gold pieces
 14277 | Lair:3   | XOM: harmless Air miscast
 14571 | Lair:4   | XOM: noise
 14573 | Lair:4   | XOM: harmless Chrm miscast
 14591 | Lair:4   | Reached skill level 13 in Evocations
 14593 | Lair:4   | XOM: divination: detect creatures
 14783 | Lair:4   | XOM: confusion (+ monsters)
 14903 | Lair:4   | XOM: scenery: create altars
 14952 | Lair:4   | XOM: give mutation
 14952 | Lair:4   | Gained mutation: Potions are less effective at restoring
                  | your health. [Xom's mischief]
 15351 | Lair:4   | XOM: mild Air miscast
 15520 | Lair:5   | XOM: confusion (+ monsters)
 15654 | Lair:5   | Lost mutation: You have large cloven feet. [potion of
                  | mutation]
 15654 | Lair:5   | Gained mutation: You are clumsy. (Dex -2) [potion of
                  | mutation]
 15654 | Lair:5   | Lost mutation: You are very dopey. (Int -4) [potion of
                  | mutation]
 15690 | Lair:5   | XOM: confuse monster(s)
 15713 | Lair:5   | XOM: harmless Conj miscast
 15788 | Lair:5   | XOM: harmless Necr miscast
 15859 | Lair:5   | XOM: cast spell 'Summon Hydra'
 15913 | Lair:5   | XOM: swap monsters
 16118 | Lair:5   | XOM: give mutations
 16118 | Lair:5   | Lost mutation: You are dopey. (Int -2) [Xom's mischief]
 16118 | Lair:5   | Gained mutation: You are very clumsy. (Dex -4) [Xom's
                  | mischief]
 16249 | Lair:5   | XOM: harmless Chrm miscast
 16348 | Lair:5   | XOM: mild Ice miscast
 16386 | Lair:5   | XOM: cloud trail
 16469 | Lair:5   | Found a staircase to the Slime Pits.
 16573 | Lair:6   | Entered Level 6 of the Lair of Beasts
 16573 | Lair:6   | Noticed a six-headed hydra
 16588 | Lair:6   | Killed a six-headed hydra
 16612 | Lair:6   | Reached XP level 14. HP: 88/98 MP: 24/24
 16636 | Lair:6   | Reached skill level 14 in Evocations
 16682 | Lair:6   | XOM: cloud trail
 16712 | Lair:6   | XOM is BORED!
 16712 | Lair:6   | XOM: draining
 16715 | Lair:6   | XOM: scenery: create altars
 16824 | Lair:6   | XOM: potion effect (invisibility)
 16826 | Lair:6   | XOM: draining
 16835 | Lair:6   | XOM: divine lightning
 16890 | Lair:6   | XOM: harmless Ice miscast
 16905 | Lair:6   | XOM: mild Necr miscast
 16910 | Lair:6   | XOM: harmless Necr miscast
 16931 | Lair:6   | XOM: stat loss: -1 Dex (5/6)
 17243 | Lair:6   | XOM: stat loss: -1 Int (21/22)
 17327 | Lair:6   | XOM: harmless Summ miscast
 17376 | Lair:6   | XOM: polymorph black bear -> raiju
 17800 | Lair:6   | XOM: medium Pois miscast
 17824 | Lair:6   | Noticed a dire elephant
 17908 | Lair:5   | Gained mutation: Potions are poor at restoring your health.
                  | [mutagenic glow]
 17922 | Lair:5   | XOM: scenery: create altars
 17928 | Lair:5   | XOM: enchant monster (good)
 17962 | Lair:5   | XOM: confuse monster(s)
 17972 | Lair:5   | XOM: noise
 17974 | Lair:5   | XOM: enchant monster (good)
 17986 | Lair:5   | XOM: cleaving
 17998 | Lair:5   | XOM: polymorph dire elephant -> dire elephant
 18019 | Lair:6   | XOM: scenery: create altars
 18024 | Lair:6   | XOM: fog
 18129 | Lair:6   | XOM: fake destruction
 18135 | Lair:6   | XOM: cleaving
 18160 | Lair:6   | XOM: give mutations
 18160 | Lair:6   | Gained mutation: You are partially covered in molten
                  | scales. (AC +2) [Xom's grace]
 18160 | Lair:6   | Gained mutation: You evolve. [Xom's grace]
 18161 | Lair:6   | XOM: cloud trail
 18180 | Lair:6   | XOM: summons 3 friendly demons
 18203 | Lair:6   | Reached skill level 15 in Evocations
 18206 | Lair:6   | XOM: divine lightning
 18227 | Lair:6   | XOM: enchant monster (good)
 18329 | Lair:6   | Got a sparkling golden ring
 18338 | Lair:6   | Identified the ring "Muyleph" {Int+6 Stlth-} (You found it
                  | on level 6 of the Lair of Beasts)
 18370 | Lair:6   | XOM: summons 1 hostile demon
 18869 | Lair:6   | XOM: polymorph black bear -> soldier ant
 18871 | Lair:6   | XOM: severe Tloc miscast
 18872 | Lair:6   | XOM: summons 1 hostile shadow creature
 18931 | Lair:6   | Gained mutation: Armour fits poorly on your strangely
                  | shaped body. [mutagenic glow]
 18948 | Lair:6   | HP: 5/101 [elephant[Xom] (11)]
 18959 | Lair:6   | XOM: give mutations
 18959 | Lair:6   | Gained mutation: You are dopey. (Int -2) [Xom's mischief]
 18959 | Lair:6   | Gained mutation: You are very dopey. (Int -4) [Xom's
                  | mischief]
 19228 | Lair:6   | XOM: enchant monster (bad)
 19239 | Lair:6   | Killed from afar by a raiju

Skill      XL: |  1  2  3  4  5  6  7  8  9 10 11 12 13 14 |
---------------+-------------------------------------------+-----
Armour         | 3 4 5 9 11 13 14 | 14.9
Fighting       | 4 5 6 |  6.4
Slings         | 1 2 3 5 8 10 12 | 12.5
Shields        | 1 3 5 7 9 |  9.0
Evocations     | 1 6 9 11 13 15 | 15.0
Maces & Flails | |  3.0
Dodging        | |  0.8

Action                   |  1- 3 |  4- 6 |  7- 9 | 10-12 | 13-15 || total
-------------------------+-------+-------+-------+-------+-------++-------
Melee: Mace              |    95 |    25 |       |       |       ||   120
       Kick              |       |     2 |       |    48 |       ||    50
       Hunting sling     |       |       |       |    77 |     5 ||    82
 Fire: Hunting sling     |       |   153 |   379 |   913 |  1244 ||  2689
 Abil: Dig               |       |     7 |     8 |    20 |    22 ||    57
       Evoke Invisibilit |       |       |       |     4 |     5 ||     9
  Use: Scroll            |     2 |     1 |     4 |     4 |    15 ||    26
       Potion            |       |     1 |       |       |     1 ||     2
  Eat: Chunk             |       |     7 |     9 |    18 |    18 ||    52
       Ration            |       |       |       |     2 |     1 ||     3
Armor: Leather armour    |    45 |    25 |       |       |       ||    70
       Chain mail        |       |    35 |    98 |   149 |   199 ||   481
Dodge: Dodged            |    85 |    43 |    35 |   109 |   127 ||   399
Block: Shield            |       |     6 |    74 |   178 |   231 ||   489
